NYP
TRI-CITY DUST DEVILS @ HILLSBORO HOPS
09/11/2046
 
TOP OF THE 1ST
Tri-City Dust Devils batting - Pitching for Hillsboro Hops : RHP John Gloe
Pitching: RHP John Gloe
Batting: RHB Dave McBain 0-0: SINGLE (Groundball, 56D, EV 99.4 MPH)
Batting: LHB Jeff Trapp 0-0: Called Strike
0-1: Called Strike
Dave McBain steals 2nd base
0-2: Strikes out looking
Batting: RHB Antonio Lara 0-0: Swinging Strike
0-1: Called Strike
0-2: Ball
1-2: SINGLE (Groundball, 56S, EV 69.4 MPH) (infield hit)
Dave McBain to third
Batting: SHB Manny Berrones 0-0: Ball
1-0: Ball
2-0: Called Strike
2-1: Grounds into double play, 4-6-3 (Groundball, 4M, EV 85.6 MPH)
Top of the 1st over - 0 runs, 2 hits, 0 errors, 1 left on base; Tri-City 0 - Hillsboro 0
BOTTOM OF THE 1ST
Hillsboro Hops batting - Pitching for Tri-City Dust Devils : RHP Zach Monlux
Pitching: RHP Zach Monlux
Batting: SHB Blaine Peters 0-0: Foul Ball, location: 2F
0-1: Called Strike
0-2: Fly out, F7 (Line Drive, 7S, EV 91.2 MPH)
Batting: LHB Soo-yeon Kym 0-0: Called Strike
0-1: SINGLE (Groundball, P, EV 85.6 MPH) (infield hit)
Batting: RHB Wen-hua Lei 0-0: Ball
1-0: Called Strike
1-1: Ball
2-1: Foul Ball, location: 2F
2-2: Ball
3-2: Fly out, F7 (Flyball, 7D, EV 90.0 MPH)
Batting: LHB Dillon Rizzuto 0-0: Ball
1-0: Foul Ball, location: 2F
1-1: Ball
2-1: DOUBLE (Line Drive, 7LS, EV 93.1 MPH)
Soo-yeon Kym to third
Batting: RHB Ian Sousa 0-0: Ball
1-0: Called Strike
1-1: DOUBLE (Line Drive, 5D, EV 105.0 MPH)
Soo-yeon Kym scores
Dillon Rizzuto scores
Batting: RHB Josh Burrows 0-0: Ball
Wild Pitch!
Ian Sousa to third
1-0: Ball
2-0: Called Strike
2-1: Ball
3-1: Foul Ball, location: 2F
3-2: Strikes out swinging
Bottom of the 1st over - 2 runs, 3 hits, 0 errors, 1 left on base; Tri-City 0 - Hillsboro 2
TOP OF THE 2ND
Tri-City Dust Devils batting - Pitching for Hillsboro Hops : RHP John Gloe
Batting: RHB Hector Fernandez 0-0: Ball
1-0: Ball
2-0: Foul Ball, location: 2F
2-1: Called Strike
2-2: Foul Ball, location: 2F
2-2: Hit by Pitch
Batting: LHB Rogelio Nunez 0-0: Ball
1-0: Ball
2-0: Foul Ball, location: 2F
2-1: Called Strike
2-2: Foul Ball, location: 2F
2-2: Ball
3-2: Foul Ball, location: 2F
3-2: DOUBLE (Line Drive, 89M, EV 106.9 MPH)
Hector Fernandez to third
Hector Fernandez scores
Batting: RHB Paul Van Gilder 0-0: Called Strike
0-1: Ball
1-1: Ball
2-1: Swinging Strike
2-2: Strikes out swinging
Batting: RHB Eduardo Calderon 0-0: Called Strike
Rogelio Nunez steals 3rd base
0-1: Ball
1-1: Swinging Strike
1-2: Strikes out looking
Batting: RHB Max Stillo 0-0: Called Strike
0-1: Called Strike
0-2: Ball
1-2: DOUBLE (Line Drive, 78XD, EV 105.0 MPH)
Rogelio Nunez scores
Batting: RHB Dave McBain 0-0: Ball
1-0: Ball
2-0: Foul Ball, location: 2F
2-1: Foul Ball, location: 2F
2-2: Fly out, F7 (Flyball, 7, EV 83.1 MPH)
Top of the 2nd over - 2 runs, 2 hits, 0 errors, 1 left on base; Tri-City 2 - Hillsboro 2
BOTTOM OF THE 2ND
Hillsboro Hops batting - Pitching for Tri-City Dust Devils : RHP Zach Monlux
Batting: LHB Ivan Cortez 0-0: Ball
1-0: Called Strike
1-1: Foul Ball, location: 2F
1-2: Ground out 5-3 (Groundball, 56, EV 84.4 MPH)
Batting: RHB Jeremy Adams 0-0: Foul Ball, location: 2F
0-1: Ball
1-1: Called Strike
1-2: Strikes out swinging
Batting: RHB Trevor Corey 0-0: Ball
1-0: Swinging Strike
1-1: Called Strike
1-2: Strikes out swinging
Bottom of the 2nd over - 0 runs, 0 hits, 0 errors, 0 left on base; Tri-City 2 - Hillsboro 2
TOP OF THE 3RD
Tri-City Dust Devils batting - Pitching for Hillsboro Hops : RHP John Gloe
Batting: LHB Jeff Trapp 0-0: Ball
1-0: Ball
2-0: Called Strike
2-1: Foul Ball, location: 2F
2-2: Ball
3-2: Base on Balls
Batting: RHB Antonio Lara 0-0: Ball
Jeff Trapp is caught stealing 2nd base 2-4
1-0: SINGLE (Line Drive, 34, EV 98.8 MPH)
Batting: SHB Manny Berrones 0-0: Ball
1-0: Ball
2-0: Ball
3-0: Base on Balls
Antonio Lara to second
Batting: RHB Hector Fernandez 0-0: Called Strike
0-1: Foul Ball, location: 2F
0-2: Foul Ball, location: 2F
0-2: Fielders Choice at 3rd, U5 (Groundball, 5L, EV 85.6 MPH)
Manny Berrones to second
Batting: LHB Rogelio Nunez 0-0: Ball
1-0: Foul Ball, location: 2F
1-1: Ball
2-1: Ball
3-1: Fielders Choice at 2nd, 6-4 (Groundball, 6, EV 103.8 MPH)
Top of the 3rd over - 0 runs, 1 hit, 0 errors, 2 left on base; Tri-City 2 - Hillsboro 2
BOTTOM OF THE 3RD
Hillsboro Hops batting - Pitching for Tri-City Dust Devils : RHP Zach Monlux
Batting: SHB Blaine Peters 0-0: Ball
1-0: Called Strike
1-1: Ground out 6-3 (Groundball, 6, EV 102.5 MPH)
Batting: LHB Soo-yeon Kym 0-0: Foul Ball, location: 2F
0-1: Foul Ball, location: 2F
0-2: Ball
1-2: Ball
2-2: Ground out 3-1 (Groundball, 34, EV 108.1 MPH)
Batting: RHB Wen-hua Lei 0-0: Called Strike
0-1: Ball
1-1: Ball
2-1: Ball
3-1: Base on Balls
Batting: LHB Dillon Rizzuto 0-0: Ball
Wen-hua Lei is caught stealing 2nd base 2-6
Bottom of the 3rd over - 0 runs, 0 hits, 0 errors, 0 left on base; Tri-City 2 - Hillsboro 2
TOP OF THE 4TH
Tri-City Dust Devils batting - Pitching for Hillsboro Hops : RHP John Gloe
Batting: RHB Paul Van Gilder 0-0: SOLO HOME RUN (Flyball, 78XD, EV 115.6 MPH), Distance : 469 ft
Batting: RHB Eduardo Calderon 0-0: Ball
1-0: Ground out 6-3 (Groundball, 56, EV 81.2 MPH)
Batting: RHB Max Stillo 0-0: Called Strike
0-1: Called Strike
0-2: SINGLE (Line Drive, 4D, EV 102.5 MPH)
Batting: RHB Dave McBain 0-0: SINGLE (Line Drive, 78S, EV 98.1 MPH)
Max Stillo to second
Batting: LHB Jeff Trapp 0-0: Called Strike
0-1: Ball
Max Stillo steals 3rd, throwing error, E2
Max Stillo scores
Dave McBain to third
1-1: Foul Ball, location: 2F
1-2: Ball
2-2: Strikes out swinging
Batting: RHB Antonio Lara 0-0: Hit by Pitch
Batting: SHB Manny Berrones 0-0: Foul Ball, location: 2F
0-1: Swinging Strike
0-2: Hit by Pitch
Antonio Lara to second
Batting: RHB Hector Fernandez 0-0: Ball
1-0: Foul Ball, location: 2F
1-1: Ball
2-1: Ball
3-1: Base on Balls
Dave McBain scores
Antonio Lara to third
Manny Berrones to second
Pitching: RHP Rory Bornt
Batting: LHB Rogelio Nunez 0-0: Foul Ball, location: 2F
0-1: DOUBLE (Line Drive, 7LM, EV 108.8 MPH)
Antonio Lara scores
Manny Berrones scores
Hector Fernandez to third
Runner from 3rd tries for Home, SAFE, throw by LF to trailing runner, OUT at third! 7-3-5
Top of the 4th over - 6 runs, 4 hits, 1 error, 0 left on base; Tri-City 8 - Hillsboro 2
BOTTOM OF THE 4TH
Hillsboro Hops batting - Pitching for Tri-City Dust Devils : RHP Zach Monlux
Batting: LHB Dillon Rizzuto 0-0: Ball
1-0: Foul Ball, location: 2F
1-1: Ball
2-1: Foul Ball, location: 2F
2-2: Fly out, F9 (Flyball, 9D, EV 109.4 MPH)
Batting: RHB Ian Sousa 0-0: Ball
1-0: Foul Ball, location: 2F
1-1: SINGLE (Groundball, 6MD, EV 96.9 MPH)
Batting: RHB Josh Burrows 0-0: Called Strike
0-1: Ball
1-1: Ball
2-1: Foul Ball, location: 2F
2-2: Fly out, F8 (Flyball, 78D, EV 75.6 MPH)
Batting: LHB Ivan Cortez Pickoff Throw to First - Error! E1
Ian Sousa to second
0-0: Ball
1-0: SINGLE (Groundball, 4M, EV 104.4 MPH) (infield hit)
Ian Sousa to third
Batting: RHB Jeremy Adams 0-0: Fly out, F9 (Flyball, 9, EV 88.1 MPH)
Bottom of the 4th over - 0 runs, 2 hits, 1 error, 2 left on base; Tri-City 8 - Hillsboro 2
TOP OF THE 5TH
Tri-City Dust Devils batting - Pitching for Hillsboro Hops : RHP Rory Bornt
Batting: RHB Paul Van Gilder 0-0: Called Strike
0-1: SOLO HOME RUN (Flyball, 8RXD, EV 116.9 MPH), Distance : 460 ft
Batting: RHB Eduardo Calderon 0-0: Called Strike
0-1: Ball
1-1: Ball
2-1: Called Strike
2-2: Ball
3-2: Foul Ball, location: 2F
3-2: Foul Ball, location: 2F
3-2: Fly out, F8 (Flyball, 8RM, EV 88.8 MPH)
Batting: RHB Max Stillo 0-0: Called Strike
0-1: Swinging Strike
0-2: Strikes out swinging
Batting: RHB Dave McBain 0-0: Ball
1-0: Ball
2-0: Called Strike
2-1: Ball
3-1: Ground out 6-3 (Groundball, 6, EV 83.1 MPH)
Top of the 5th over - 1 run, 1 hit, 0 errors, 0 left on base; Tri-City 9 - Hillsboro 2
BOTTOM OF THE 5TH
Hillsboro Hops batting - Pitching for Tri-City Dust Devils : RHP Zach Monlux
Batting: RHB Trevor Corey 0-0: Ball
1-0: Swinging Strike
1-1: Foul Ball, location: 2F
1-2: Ball
2-2: Strikes out swinging
Batting: SHB Blaine Peters 0-0: Ball
1-0: Foul Ball, location: 2F
1-1: Called Strike
1-2: Strikes out swinging
Batting: LHB Soo-yeon Kym 0-0: Ball
1-0: Ball
2-0: Foul Ball, location: 2F
2-1: Ball
3-1: Foul Ball, location: 2F
3-2: Base on Balls
Batting: RHB Wen-hua Lei 0-0: Swinging Strike
0-1: Called Strike
0-2: Ball
1-2: Strikes out looking
Bottom of the 5th over - 0 runs, 0 hits, 0 errors, 1 left on base; Tri-City 9 - Hillsboro 2
TOP OF THE 6TH
Tri-City Dust Devils batting - Pitching for Hillsboro Hops : RHP Rory Bornt
Batting: LHB Jeff Trapp 0-0: Ball
1-0: Ball
2-0: Ball
3-0: Called Strike
3-1: Base on Balls
Batting: RHB Antonio Lara 0-0: Called Strike
0-1: Ball
Jeff Trapp steals 2nd base
1-1: Swinging Strike
1-2: Ball
2-2: Ball
3-2: Base on Balls
Batting: SHB Manny Berrones 0-0: Ball
1-0: Ball
2-0: Ball
3-0: Base on Balls
Jeff Trapp to third
Antonio Lara to second
Pitching: RHP Alan Muth
Batting: RHB Hector Fernandez 0-0: Ball
1-0: Called Strike
1-1: Ball
2-1: Swinging Strike
2-2: Ball
3-2: Foul Ball, location: 2F
3-2: Foul Ball, location: 2F
3-2: Strikes out swinging
Batting: LHB Rogelio Nunez 0-0: Foul Ball, location: 2F
0-1: Fly out, F9 (Line Drive, 9S, EV 95.0 MPH)
Batting: RHB Paul Van Gilder 0-0: Swinging Strike
0-1: Called Strike
0-2: Strikes out looking
Top of the 6th over - 0 runs, 0 hits, 0 errors, 3 left on base; Tri-City 9 - Hillsboro 2
BOTTOM OF THE 6TH
Hillsboro Hops batting - Pitching for Tri-City Dust Devils : RHP Zach Monlux
Batting: LHB Dillon Rizzuto 0-0: Swinging Strike
0-1: Fly out, F8 (Flyball, 8LD, EV 105.0 MPH)
Batting: RHB Ian Sousa 0-0: Called Strike
0-1: DOUBLE (Line Drive, 89XD, EV 106.2 MPH)
Batting: RHB Josh Burrows 0-0: Ball
1-0: Called Strike
1-1: Ball
2-1: SINGLE (Line Drive, 34D, EV 96.2 MPH)
Ian Sousa to third
Batting: LHB Ivan Cortez 0-0: Ball
1-0: Ball
2-0: Ball
Wild Pitch!
Ian Sousa scores
Josh Burrows to second
3-0: Fly out, F7 (Line Drive, 7S, EV 106.2 MPH)
Batting: RHB Jeremy Adams 0-0: Foul Ball, location: 2F
0-1: Ball
1-1: Ball
2-1: Ball
3-1: Foul Ball, location: 2F
3-2: Ground out 5-3 (Groundball, 5, EV 86.2 MPH)
Bottom of the 6th over - 1 run, 2 hits, 0 errors, 1 left on base; Tri-City 9 - Hillsboro 3
TOP OF THE 7TH
Tri-City Dust Devils batting - Pitching for Hillsboro Hops : RHP Alan Muth
Batting: RHB Eduardo Calderon 0-0: Ball
1-0: Called Strike
1-1: Foul Ball, location: 2F
1-2: Foul Ball, location: 2F
1-2: Strikes out swinging
Batting: RHB Max Stillo 0-0: Ball
1-0: Swinging Strike
1-1: Called Strike
1-2: Foul Ball, location: 2F
1-2: Ball
2-2: Strikes out swinging
Batting: RHB Dave McBain 0-0: Called Strike
0-1: Ball
1-1: Called Strike
1-2: Strikes out swinging
Top of the 7th over - 0 runs, 0 hits, 0 errors, 0 left on base; Tri-City 9 - Hillsboro 3
BOTTOM OF THE 7TH
Hillsboro Hops batting - Pitching for Tri-City Dust Devils : RHP Zach Monlux
Batting: RHB Trevor Corey 0-0: Foul Ball, location: 2F
0-1: Foul Ball, location: 2F
0-2: Foul Ball, location: 2F
0-2: Fly out, F8 (Flyball, 8LD, EV 94.4 MPH)
Pitching: RHP Moby Cock
Batting: SHB Blaine Peters 0-0: Swinging Strike
0-1: Fly out, F7 (Line Drive, 7, EV 90.0 MPH)
Batting: LHB Soo-yeon Kym 0-0: Ball
1-0: Foul Ball, location: 2F
1-1: Foul Ball, location: 2F
1-2: Ball
2-2: Ball
3-2: Strikes out looking
Bottom of the 7th over - 0 runs, 0 hits, 0 errors, 0 left on base; Tri-City 9 - Hillsboro 3
TOP OF THE 8TH
Tri-City Dust Devils batting - Pitching for Hillsboro Hops : RHP Alan Muth
Pitching: RHP Ronnie DeAngelo
Batting: LHB Jeff Trapp 0-0: Foul Ball, location: 2F
0-1: Foul Ball, location: 2F
0-2: Ball
1-2: Ball
2-2: Foul Ball, location: 2F
2-2: Strikes out swinging
Batting: RHB Antonio Lara 0-0: Foul Ball, location: 2F
0-1: Called Strike
0-2: Strikes out swinging
Batting: SHB Manny Berrones 0-0: Fly out, F5 (Popup, 25, EV 83.8 MPH)
Top of the 8th over - 0 runs, 0 hits, 0 errors, 0 left on base; Tri-City 9 - Hillsboro 3
BOTTOM OF THE 8TH
Hillsboro Hops batting - Pitching for Tri-City Dust Devils : RHP Moby Cock
Batting: RHB Wen-hua Lei 0-0: Foul Ball, location: 2F
0-1: Foul Ball, location: 2F
0-2: Ball
1-2: Ball
2-2: Foul Ball, location: 2F
2-2: Foul Ball, location: 2F
2-2: Strikes out swinging
Batting: LHB Dillon Rizzuto 0-0: Ball
1-0: Swinging Strike
1-1: Swinging Strike
1-2: Strikes out swinging
Batting: RHB Ian Sousa 0-0: Ball
1-0: Foul Ball, location: 2F
1-1: Swinging Strike
1-2: Foul Ball, location: 2F
1-2: Ball
2-2: SINGLE (Groundball, 6MD, EV 100.6 MPH)
Batting: RHB Josh Burrows 0-0: Ball
1-0: Ball
2-0: Foul Ball, location: 2F
2-1: Called Strike
2-2: Ground out 5-3 (Groundball, 56S, EV 93.1 MPH)
Bottom of the 8th over - 0 runs, 1 hit, 0 errors, 1 left on base; Tri-City 9 - Hillsboro 3
TOP OF THE 9TH
Tri-City Dust Devils batting - Pitching for Hillsboro Hops : RHP Ronnie DeAngelo
Batting: RHB Hector Fernandez 0-0: Swinging Strike
0-1: Ground out 5-3 (Groundball, 5, EV 77.5 MPH)
Batting: LHB Rogelio Nunez 0-0: Ball
1-0: Swinging Strike
1-1: Ball
2-1: Ground out 4-3 (Groundball, 34, EV 91.2 MPH)
Batting: RHB Paul Van Gilder 0-0: Ball
1-0: Called Strike
1-1: Ball
2-1: Foul Ball, location: 2F
2-2: Ball
3-2: SINGLE (Groundball, 6MD, EV 100.6 MPH)
Batting: RHB Eduardo Calderon 0-0: Ball
1-0: Ball
2-0: Swinging Strike
2-1: Called Strike
2-2: Strikes out swinging, 2-3 out at first.
Top of the 9th over - 0 runs, 1 hit, 0 errors, 1 left on base; Tri-City 9 - Hillsboro 3
BOTTOM OF THE 9TH
Hillsboro Hops batting - Pitching for Tri-City Dust Devils : RHP Moby Cock
Batting: LHB Ivan Cortez 0-0: Called Strike
0-1: Ground out 4-3 (Groundball, 4, EV 100.6 MPH)
Batting: RHB Jeremy Adams 0-0: Swinging Strike
0-1: Ball
1-1: Foul Ball, location: 2F
1-2: Foul Ball, location: 2F
1-2: Foul Ball, location: 2F
1-2: Ball
2-2: Foul Ball, location: 2F
2-2: Strikes out swinging
Batting: RHB Trevor Corey 0-0: Called Strike
0-1: Fly out, F7 (Flyball, 7LMF, EV 106.9 MPH)
Bottom of the 9th over - 0 runs, 0 hits, 0 errors, 0 left on base; Tri-City 9 - Hillsboro 3
Tuesday, September 13th , 2022 - OOTP Baseball 23.7 Build 88